| TOP OF THE 1ST |
|
Bristol Pirates batting - Pitching for Billings Mustangs : RHP Taneo Kobayashi
|
|
Pitching: RHP Taneo Kobayashi
|
|
|
Batting: RHB Perry Dominey
|
0-0: Called Strike 0-1: Ball 1-1: Foul Ball, location: 2F 1-2: Foul Ball, location: 2F 1-2: Foul Ball, location: 2F 1-2: Foul Ball, location: 2F 1-2: Foul Ball, location: 2F 1-2: SINGLE (Line Drive, 9S, EV 103.8 MPH)
|
|
Batting: RHB Pete Hutton
|
0-0: Ball Perry Dominey steals 2nd base 1-0: Foul Ball, location: 2F 1-1: Foul Ball, location: 2F 1-2: Strikes out swinging
|
|
Batting: LHB Randy Boone
|
0-0: Ball Perry Dominey steals 3rd base 1-0: Swinging Strike 1-1: Foul Ball, location: 2F 1-2: Foul Ball, location: 2F 1-2: Foul Ball, location: 2F 1-2: Ball 2-2: Ground out 1-3 (Groundball, P, EV 68.8 MPH)
|
|
Batting: RHB Etsuro Hosokawa
|
0-0: SINGLE (Flyball, 5D, EV 91.9 MPH) Perry Dominey scores
|
|
Batting: LHB Tomohiro Yokoyama
|
0-0: Foul Ball, location: 2F 0-1: Ball 1-1: Ball 2-1: Ball 3-1: Foul Ball, location: 2F 3-2: Foul Ball, location: 2F 3-2: Ground out 6-3 (Groundball, 6, EV 84.4 MPH)
|
| Top of the 1st over - 1 run, 2 hits, 0 errors, 1 left on base; Bristol 1 - Billings 0 |
| BOTTOM OF THE 1ST |
|
Billings Mustangs batting - Pitching for Bristol Pirates : RHP Joe Simanton
|
|
Pitching: RHP Joe Simanton
|
|
|
Batting: RHB Nick Miller
|
0-0: Ball 1-0: Ball 2-0: Called Strike 2-1: Ball 3-1: Ground out 1-3 (Groundball, 25, EV 62.5 MPH)
|
|
Batting: LHB Matthew Berry
|
0-0: Ball 1-0: Ball 2-0: Swinging Strike 2-1: Ball 3-1: Called Strike 3-2: Ground out 5-3 (Groundball, 6S, EV 68.1 MPH)
|
|
Batting: LHB David Moore
|
0-0: Ball 1-0: Ball 2-0: Ball 3-0: Called Strike 3-1: Base on Balls
|
|
Batting: RHB Jonathan Robies
|
0-0: Ball 1-0: Called Strike 1-1: Foul Ball, location: 2F 1-2: Foul Ball, location: 2F 1-2: Ground out 5-3 (Groundball, 56, EV 106.9 MPH)
|
| Bottom of the 1st over - 0 runs, 0 hits, 0 errors, 1 left on base; Bristol 1 - Billings 0 |
| TOP OF THE 2ND |
|
Bristol Pirates batting - Pitching for Billings Mustangs : RHP Taneo Kobayashi
|
|
Batting: RHB Jaime Dubicki
|
0-0: Called Strike 0-1: Ball 1-1: Called Strike 1-2: Foul Ball, location: 2F 1-2: Foul Ball, location: 2F 1-2: Ball 2-2: Ground out 6-3 (Groundball, 6M, EV 88.1 MPH)
|
|
Batting: LHB Ruben Garza
|
0-0: Called Strike 0-1: Called Strike 0-2: Ball 1-2: Strikes out swinging
|
|
Batting: RHB Andrew DeRicco
|
0-0: Called Strike 0-1: Ball 1-1: Ball 2-1: Swinging Strike 2-2: Ground out 4-3 (Groundball, 34, EV 106.9 MPH)
|
| Top of the 2nd over - 0 runs, 0 hits, 0 errors, 0 left on base; Bristol 1 - Billings 0 |
| BOTTOM OF THE 2ND |
|
Billings Mustangs batting - Pitching for Bristol Pirates : RHP Joe Simanton
|
|
Batting: RHB Jay Jacobson
|
0-0: Called Strike 0-1: Called Strike 0-2: Ball 1-2: Ball 2-2: Strikes out swinging, 2-3 out at first.
|
|
Batting: LHB Jon Goddard
|
0-0: Fly out, F7 (Flyball, 7S, EV 81.9 MPH)
|
|
Batting: RHB Yutaka Sato
|
0-0: Foul Ball, location: 2F 0-1: Foul Ball, location: 2F 0-2: SOLO HOME RUN (Flyball, 7D, EV 98.1 MPH), Distance : 362 ft
|
|
Batting: RHB Cyd Carver
|
0-0: Ground out 5-3 (Groundball, 56, EV 110.0 MPH)
|
| Bottom of the 2nd over - 1 run, 1 hit, 0 errors, 0 left on base; Bristol 1 - Billings 1 |
| TOP OF THE 3RD |
|
Bristol Pirates batting - Pitching for Billings Mustangs : RHP Taneo Kobayashi
|
|
Batting: RHB Gilberto Victoria
|
0-0: Ball 1-0: Reached on error, E6 (Groundball, 56, EV 85.6 MPH)
|
|
Batting: RHB Perry Dominey
|
0-0: Called Strike 0-1: Ball 1-1: Foul Ball, location: 2F 1-2: Foul Ball, location: 2F 1-2: Ball 2-2: SINGLE (Groundball, 34D, EV 103.8 MPH) Gilberto Victoria to third
|
|
Batting: RHB Pete Hutton
|
0-0: Ball Perry Dominey steals 2nd base (no throw) 1-0: Ground out 4-3 (Groundball, 4MS, EV 83.8 MPH) Gilberto Victoria scores Perry Dominey to third
|
|
Batting: LHB Randy Boone
|
0-0: Ground out 6-3 (Groundball, 6, EV 102.5 MPH) Perry Dominey scores
|
|
Batting: RHB Etsuro Hosokawa
|
0-0: Swinging Strike 0-1: Foul Ball, location: 2F 0-2: Ball 1-2: Strikes out looking
|
| Top of the 3rd over - 2 runs, 1 hit, 1 error, 0 left on base; Bristol 3 - Billings 1 |
| BOTTOM OF THE 3RD |
|
Billings Mustangs batting - Pitching for Bristol Pirates : RHP Joe Simanton
|
|
Batting: RHB Jon Monteith
|
0-0: Ground out 4-3 (Groundball, 34, EV 110.0 MPH)
|
|
Batting: RHB Nick Miller
|
0-0: Hit by Pitch
|
|
Batting: LHB Matthew Berry
|
0-0: Ball 1-0: Swinging Strike 1-1: Ball Nick Miller steals 2nd base (no throw) 2-1: Called Strike 2-2: 2-RUN HOME RUN (Flyball, 9LD, EV 97.5 MPH), Distance : 358 ft
|
|
Batting: LHB David Moore
|
0-0: Ball 1-0: Ball 2-0: Fly out, F8 (Flyball, 8LXD, EV 91.9 MPH)
|
|
Batting: RHB Jonathan Robies
|
0-0: Foul Ball, location: 2F 0-1: Ball 1-1: Ball 2-1: TRIPLE (Flyball, 9LD, EV 110.6 MPH)
|
|
Batting: RHB Jay Jacobson
|
0-0: Called Strike 0-1: Ball 1-1: Ball Wild Pitch! Jonathan Robies scores 2-1: Foul Ball, location: 2F 2-2: SINGLE (Groundball, 6D, EV 102.5 MPH)
|
|
Batting: LHB Jon Goddard
|
0-0: Ball 1-0: Ball 2-0: Ball 3-0: Base on Balls Jay Jacobson to second
|
|
Batting: RHB Yutaka Sato
|
0-0: Ball 1-0: Foul Ball, location: 2F 1-1: Foul Ball, location: 2F 1-2: SINGLE (Groundball, 6, EV 106.9 MPH) Jay Jacobson to third Jon Goddard to second
|
|
Batting: RHB Cyd Carver
|
0-0: Ball 1-0: Ball 2-0: Foul Ball, location: 2F 2-1: Ground out 4-3 (Groundball, 4S, EV 90.6 MPH)
|
| Bottom of the 3rd over - 3 runs, 4 hits, 0 errors, 3 left on base; Bristol 3 - Billings 4 |
| TOP OF THE 4TH |
|
Bristol Pirates batting - Pitching for Billings Mustangs : RHP Taneo Kobayashi
|
|
Batting: LHB Tomohiro Yokoyama
|
0-0: Ball 1-0: Called Strike 1-1: Ground out U3 (Groundball, 34S, EV 80.0 MPH)
|
|
Batting: RHB Jaime Dubicki
|
0-0: Foul Ball, location: 2F 0-1: Ball 1-1: Ball 2-1: SINGLE (Line Drive, 9S, EV 86.3 MPH)
|
|
Batting: LHB Ruben Garza
|
0-0: Foul Ball, location: 2F 0-1: Called Strike 0-2: Ball 1-2: Foul Ball, location: 2F 1-2: Ball 2-2: Strikes out swinging
|
|
Batting: RHB Andrew DeRicco
|
0-0: Swinging Strike 0-1: Ball 1-1: Foul Ball, location: 2F 1-2: Foul Ball, location: 2F Balk! Jaime Dubicki to second 1-2: Ball 2-2: Ball Wild Pitch! Jaime Dubicki to third 3-2: Foul Ball, location: 2F 3-2: Foul Ball, location: 2F 3-2: Foul Ball, location: 2F 3-2: Base on Balls
|
|
Batting: RHB Gilberto Victoria
|
0-0: Called Strike 0-1: Ball 1-1: Foul Ball, location: 2F 1-2: Strikes out swinging
|
| Top of the 4th over - 0 runs, 1 hit, 0 errors, 2 left on base; Bristol 3 - Billings 4 |
| BOTTOM OF THE 4TH |
|
Billings Mustangs batting - Pitching for Bristol Pirates : RHP Joe Simanton
|
|
Batting: RHB Jon Monteith
|
0-0: Ball 1-0: Swinging Strike 1-1: Foul Ball, location: 2F 1-2: Foul Ball, location: 2F 1-2: Ball 2-2: Ball 3-2: Base on Balls
|
|
Batting: RHB Nick Miller
|
0-0: Ball 1-0: Ball 2-0: Ball 3-0: Called Strike 3-1: Base on Balls Jon Monteith to second
|
|
Batting: LHB Matthew Berry
|
0-0: Ball 1-0: Ball 2-0: SINGLE (Groundball, 6MD, EV 103.8 MPH) Jon Monteith to third Nick Miller to second
|
|
Batting: LHB David Moore
|
0-0: Ball 1-0: Swinging Strike 1-1: Ball 2-1: Ball 3-1: Base on Balls Jon Monteith scores Nick Miller to third Matthew Berry to second
|
|
Pitching: RHP Hugo Rodriguez
|
|
|
Batting: RHB Jonathan Robies
|
0-0: Called Strike 0-1: Swinging Strike 0-2: Ball 1-2: Ball 2-2: Strikes out looking
|
|
Batting: RHB Jay Jacobson
|
0-0: Ball Wild Pitch! Nick Miller scores Matthew Berry to third David Moore to second 1-0: Ball 2-0: Ball 3-0: Called Strike 3-1: Foul Ball, location: 2F 3-2: Foul Ball, location: 2F 3-2: Ground out 6-3 (Groundball, 56, EV 97.5 MPH) Matthew Berry scores
|
|
Batting: LHB Jon Goddard
|
0-0: Foul Ball, location: 2F 0-1: Foul Ball, location: 2F 0-2: Ground out 6-3 (Groundball, 6, EV 83.1 MPH)
|
| Bottom of the 4th over - 3 runs, 1 hit, 0 errors, 1 left on base; Bristol 3 - Billings 7 |
| TOP OF THE 5TH |
|
Bristol Pirates batting - Pitching for Billings Mustangs : RHP Taneo Kobayashi
|
|
Pitching: RHP George Sanchez
|
|
|
Batting: RHB Perry Dominey
|
0-0: Called Strike 0-1: Ball 1-1: Foul Ball, location: 2F 1-2: Ball 2-2: Strikes out swinging
|
|
Batting: RHB Pete Hutton
|
0-0: Called Strike 0-1: Ground out 5-3 (Groundball, 56S, EV 84.4 MPH)
|
|
Batting: LHB Randy Boone
|
0-0: Ball 1-0: Foul Ball, location: 2F 1-1: Ball 2-1: Single, Error in OF, E8, batter to second base (Groundball, 6MD, EV 106.3 MPH)
|
|
Batting: RHB Etsuro Hosokawa
|
0-0: Swinging Strike 0-1: Foul Ball, location: 2F 0-2: Ball 1-2: Foul Ball, location: 2F 1-2: Strikes out swinging
|
| Top of the 5th over - 0 runs, 1 hit, 1 error, 1 left on base; Bristol 3 - Billings 7 |
| BOTTOM OF THE 5TH |
|
Billings Mustangs batting - Pitching for Bristol Pirates : RHP Hugo Rodriguez
|
|
Batting: RHB Yutaka Sato
|
0-0: Foul Ball, location: 2F 0-1: Ball 1-1: Swinging Strike 1-2: Foul Ball, location: 2F 1-2: Foul Ball, location: 2F 1-2: SINGLE (Groundball, 56S, EV 75.0 MPH) (infield hit)
|
|
Batting: RHB Cyd Carver
|
0-0: Ball 1-0: Called Strike 1-1: Ball Wild Pitch! Yutaka Sato to second 2-1: Swinging Strike 2-2: Strikes out swinging
|
|
Batting: RHB Jon Monteith
|
0-0: Called Strike 0-1: Ball 1-1: Called Strike 1-2: Ground out 5-3 (Groundball, 5S, EV 83.1 MPH)
|
|
Batting: RHB Nick Miller
|
0-0: Ball 1-0: Called Strike 1-1: Called Strike 1-2: Ball 2-2: Ball 3-2: Foul Ball, location: 2F 3-2: Base on Balls
|
|
Batting: LHB Matthew Berry
|
0-0: Ball 1-0: Ground out 5-3 (Groundball, 56S, EV 77.5 MPH)
|
| Bottom of the 5th over - 0 runs, 1 hit, 0 errors, 2 left on base; Bristol 3 - Billings 7 |
| TOP OF THE 6TH |
|
Bristol Pirates batting - Pitching for Billings Mustangs : RHP George Sanchez
|
|
Batting: LHB Tomohiro Yokoyama
|
0-0: Ball 1-0: Fly out, F8 (Flyball, 8LM, EV 83.8 MPH)
|
|
Batting: RHB Jaime Dubicki
|
0-0: Fly out, F8 (Line Drive, 8LD, EV 84.4 MPH)
|
|
Batting: LHB Ruben Garza
|
0-0: Single, Error in OF, E8, batter to second base (Groundball, 4D, EV 101.3 MPH)
|
|
Batting: RHB Andrew DeRicco
|
0-0: Called Strike 0-1: Ball 1-1: Ground out 5-3 (Groundball, 56, EV 81.3 MPH)
|
| Top of the 6th over - 0 runs, 1 hit, 1 error, 1 left on base; Bristol 3 - Billings 7 |
| BOTTOM OF THE 6TH |
|
Billings Mustangs batting - Pitching for Bristol Pirates : RHP Hugo Rodriguez
|
|
Batting: LHB David Moore
|
0-0: Ball 1-0: Called Strike 1-1: Ball 2-1: Ball 3-1: Base on Balls
|
|
Pitching: LHP Norm Silveira-Wray
|
|
|
Batting: RHB Jonathan Robies
|
0-0: Ball 1-0: Foul Ball, location: 2F 1-1: Called Strike 1-2: Foul Ball, location: 2F 1-2: Ball 2-2: Foul Ball, location: 2F 2-2: Foul Ball, location: 2F 2-2: Fly out, F9 (Flyball, 9S, EV 84.4 MPH)
|
|
Batting: RHB Jay Jacobson
|
0-0: Ball 1-0: Foul Ball, location: 2F 1-1: Foul Ball, location: 2F 1-2: Strikes out swinging
|
|
Batting: LHB Jon Goddard
|
0-0: DOUBLE (Line Drive, 7LM, EV 99.4 MPH) David Moore to third
|
|
Batting: RHB Yutaka Sato
|
0-0: Foul Ball, location: 2F 0-1: SINGLE (Flyball, 7LM, EV 93.1 MPH) David Moore scores Jon Goddard to third Runner from 3rd tries for Home, SAFE, throw by LF to home
|
|
Batting: RHB Cyd Carver
|
0-0: Fielders Choice at 2nd, U4 (Groundball, 4M, EV 104.4 MPH)
|
| Bottom of the 6th over - 2 runs, 2 hits, 0 errors, 1 left on base; Bristol 3 - Billings 9 |
| TOP OF THE 7TH |
|
Bristol Pirates batting - Pitching for Billings Mustangs : RHP George Sanchez
|
|
Batting: RHB Gilberto Victoria
|
0-0: Ball 1-0: Ball 2-0: Called Strike 2-1: Ball 3-1: Called Strike 3-2: Strikes out swinging
|
|
Pitching: RHP Jaime Kijowski
|
|
|
Batting: RHB Perry Dominey
|
0-0: Called Strike 0-1: Foul Ball, location: 2F 0-2: Ground out 6-3 (Groundball, 6, EV 103.1 MPH)
|
|
Batting: RHB Pete Hutton
|
0-0: Ground out 6-3 (Groundball, 6, EV 84.4 MPH)
|
| Top of the 7th over - 0 runs, 0 hits, 0 errors, 0 left on base; Bristol 3 - Billings 9 |
| BOTTOM OF THE 7TH |
|
Billings Mustangs batting - Pitching for Bristol Pirates : LHP Norm Silveira-Wray
|
|
Batting: RHB Jon Monteith
|
0-0: Ball 1-0: Ground out 5-3 (Groundball, 56, EV 83.8 MPH)
|
|
Batting: RHB Nick Miller
|
0-0: Ball 1-0: Called Strike 1-1: Foul Ball, location: 2F 1-2: SINGLE (Line Drive, 8RS, EV 102.5 MPH)
|
|
Pitching: RHP Ian Ferrara
|
|
|
Batting: LHB Matthew Berry
|
0-0: Ball 1-0: Foul Ball, location: 2F 1-1: Called Strike Nick Miller steals 2nd base 1-2: Ball 2-2: Ball 3-2: TRIPLE (Line Drive, 9LD, EV 111.3 MPH) Nick Miller scores
|
|
Batting: LHB David Moore
|
0-0: Called Strike 0-1: Ball 1-1: Ball 2-1: Ball 3-1: Base on Balls
|
|
Batting: RHB Jonathan Robies
|
0-0: Called Strike 0-1: Ball 1-1: Ball 2-1: SINGLE (Line Drive, 89S, EV 92.5 MPH) Matthew Berry scores David Moore to second
|
|
Batting: RHB Jay Jacobson
|
0-0: Ball 1-0: Ball 2-0: Ball 3-0: Base on Balls David Moore to third Jonathan Robies to second
|
|
Pitching: RHP Doug Rawson
|
|
|
Batting: LHB Jon Goddard
|
0-0: Ball 1-0: Called Strike 1-1: Ball 2-1: Ball 3-1: Base on Balls David Moore scores Jonathan Robies to third Jay Jacobson to second
|
|
Batting: RHB Yutaka Sato
|
0-0: Ball 1-0: Ball 2-0: Ball Passed Ball! Jonathan Robies scores Jay Jacobson to third Jon Goddard to second 3-0: Base on Balls
|
|
Batting: RHB Cyd Carver
|
0-0: Called Strike 0-1: Ball 1-1: Foul Ball, location: 2F 1-2: Fielders Choice at 2nd, 3-6 (Groundball, 34S, EV 81.3 MPH) Jay Jacobson scores Jon Goddard to third
|
|
Batting: RHB Jon Monteith
|
0-0: Foul Ball, location: 2F 0-1: Ball 1-1: Called Strike 1-2: Foul Ball, location: 2F 1-2: Ball 2-2: Ball 3-2: Base on Balls Cyd Carver to second
|
|
Pitching: RHP Joe Wise
|
|
|
Batting: RHB Nick Miller
|
0-0: Foul Ball, location: 2F 0-1: Ball 1-1: Ball 2-1: Ground out 1-3 (Groundball, 13S, EV 73.1 MPH)
|
| Bottom of the 7th over - 5 runs, 3 hits, 0 errors, 3 left on base; Bristol 3 - Billings 14 |
| TOP OF THE 8TH |
|
Bristol Pirates batting - Pitching for Billings Mustangs : RHP Jaime Kijowski
|
|
Batting: LHB Randy Boone
|
0-0: Called Strike 0-1: Foul Ball, location: 2F 0-2: Ground out 4-3 (Groundball, 4M, EV 86.3 MPH)
|
|
Batting: RHB Etsuro Hosokawa
|
0-0: Ball 1-0: Ball 2-0: Called Strike 2-1: Swinging Strike 2-2: Foul Ball, location: 2F 2-2: Foul Ball, location: 2F 2-2: Foul Ball, location: 2F 2-2: Foul Ball, location: 2F 2-2: Foul Ball, location: 2F 2-2: Strikes out swinging
|
|
Batting: LHB Tomohiro Yokoyama
|
0-0: Ball 1-0: Ball 2-0: Ball 3-0: Swinging Strike 3-1: Swinging Strike 3-2: Base on Balls
|
|
Pitching: RHP Vladislav Prochazka
|
|
|
Batting: RHB Jaime Dubicki
|
0-0: Ball 1-0: DOUBLE (Groundball, 5L, EV 105.0 MPH) Tomohiro Yokoyama to third Runner from 3rd tries for Home, SAFE, throw by LF to home
|
|
Batting: LHB Ruben Garza
|
0-0: Called Strike 0-1: Foul Ball, location: 2F 0-2: Strikes out looking
|
| Top of the 8th over - 1 run, 1 hit, 0 errors, 1 left on base; Bristol 4 - Billings 14 |
| BOTTOM OF THE 8TH |
|
Billings Mustangs batting - Pitching for Bristol Pirates : RHP Joe Wise
|
|
Batting: LHB Matthew Berry
|
0-0: Ball 1-0: Ball 2-0: Ball 3-0: Base on Balls
|
|
Batting: LHB David Moore
|
0-0: Ball 1-0: Ball 2-0: Ball 3-0: Called Strike 3-1: Base on Balls Matthew Berry to second
|
|
Batting: RHB Jonathan Robies
|
0-0: Ball 1-0: SINGLE (Groundball, 4MD, EV 110.0 MPH) Matthew Berry to third David Moore to second
|
|
Batting: RHB Jay Jacobson
|
0-0: Ball 1-0: Called Strike 1-1: Ball 2-1: Foul Ball, location: 2F 2-2: Ball 3-2: Base on Balls Matthew Berry scores David Moore to third Jonathan Robies to second
|
|
Batting: LHB Jon Goddard
|
0-0: Called Strike 0-1: Hit by Pitch David Moore scores Jonathan Robies to third Jay Jacobson to second
|
|
Batting: RHB Yutaka Sato
|
0-0: Called Strike 0-1: Ball 1-1: Swinging Strike 1-2: Ball 2-2: Ball 3-2: Base on Balls Jonathan Robies scores Jay Jacobson to third Jon Goddard to second
|
|
Batting: RHB Cyd Carver
|
0-0: Foul Ball, location: 2F 0-1: Ball 1-1: Ball 2-1: Ball 3-1: Swinging Strike 3-2: Base on Balls Jay Jacobson scores Jon Goddard to third Yutaka Sato to second
|
|
Pitching: LHP Phil DeCamp
|
|
|
Batting: RHB Jon Monteith
|
0-0: Ball 1-0: Ball 2-0: Ball 3-0: Called Strike 3-1: GRAND SLAM HOME RUN (Flyball, 78XD, EV 100.6 MPH), Distance : 389 ft
|
|
Pinch Hitting: RHB Hector Maldonado
|
0-0: Ball 1-0: Foul Ball, location: 2F 1-1: Foul Ball, location: 2F 1-2: Ball 2-2: Ground out 6-3 (Groundball, 6, EV 83.1 MPH)
|
|
Batting: LHB Matthew Berry
|
0-0: Swinging Strike 0-1: Ball 1-1: Ball 2-1: Called Strike 2-2: Strikes out looking
|
|
Batting: LHB David Moore
|
0-0: Called Strike 0-1: Foul Ball, location: 2F 0-2: Ball 1-2: SOLO HOME RUN (Flyball, 9D, EV 97.5 MPH), Distance : 389 ft
|
|
Pitching: RHP Rob Colley
|
|
|
Batting: RHB Jonathan Robies
|
0-0: Ground out 5-3 (Groundball, 56, EV 95.6 MPH)
|
| Bottom of the 8th over - 9 runs, 3 hits, 0 errors, 0 left on base; Bristol 4 - Billings 23 |
| TOP OF THE 9TH |
|
Bristol Pirates batting - Pitching for Billings Mustangs : RHP Vladislav Prochazka
|
|
Now in LF: Hector Maldonado
|
|
|
Batting: RHB Andrew DeRicco
|
0-0: Foul Ball, location: 2F 0-1: Fly out, F7 (Flyball, 7, EV 73.8 MPH)
|
|
Batting: RHB Gilberto Victoria
|
0-0: Called Strike 0-1: Ball 1-1: Ball 2-1: Ground out U3 (Groundball, 34, EV 78.1 MPH)
|
|
Batting: RHB Perry Dominey
|
0-0: Foul Ball, location: 2F 0-1: Foul Ball, location: 2F 0-2: Ball 1-2: Ball 2-2: Strikes out swinging
|
| Top of the 9th over - 0 runs, 0 hits, 0 errors, 0 left on base; Bristol 4 - Billings 23 |
|